 Dungeon Crawl Stone Soup version 0.31-a0-187-gba352fbbf7 (webtiles) character file.

Game seed: 1358706238390480559

62 qw the Shooter (level 3, -2/20 HPs)
             Began as a Deep Elf Hunter on June 22, 2023.
             Slain by a hobgoblin (3 damage)
             ... on level 2 of the Dungeon.
             The game lasted 00:00:24 (597 turns).

qw the Shooter (Deep Elf Hunter)                     Turns: 597, Time: 00:00:24

Health: -2/20      AC:  3    Str: 10    XL:     3   Next: 85%
Magic:  5/5        EV: 12    Int: 13    God:
Gold:   40         SH:  0    Dex: 18    Spells: 2/2 levels left

rFire   + . .        Y - +0 shortbow
rCold   . . .        (shield currently unavailable)
rNeg    . . .        c - +0 leather armour
rPois   .            (no helmet)
rElec   .            (no cloak)
rCorr   .            (no gloves)
SInv    .            (no boots)
Will    .....        (no amulet)
Stlth   ++           f - ring of protection from fire
HPRegen 0.23/turn    (no ring)
MPRegen 0.09/turn

%: no passive effects
@: no status effects
A: no striking features
a: no special abilities


You were on level 2 of the Dungeon.
You visited 1 branch of the dungeon, and saw 2 of its levels.

You collected 40 gold pieces.


   Skills:
 - Level 1.5 Fighting
 + Level 7.3 Ranged Weapons
 - Level 2.4 Dodging
 - Level 1.2 Stealth


You had 2 spell levels left.
You didn't know any spells.
Your spell library was empty.

Inventory:

Hand Weapons
 Y - a +0 shortbow (weapon)
Armour
 c - a +0 leather armour (worn)
Jewellery
 f - a ring of protection from fire (left hand)
Scrolls
 a - a scroll of teleportation {unknown}

Dungeon Overview and Level Annotations

Branches:
Dungeon (2/15)

Altars:

Annotations:
D:2 Terence


Message History

You shoot an arrow. The arrow hits the worm.
The worm is severely wounded.
You shoot an arrow. The arrow hits the worm.
You kill the worm!
a - a scroll labelled POUGHO ZEDI Terence the Incautious comes into view.
He is wielding a +0 short sword.
You shoot an arrow.
The arrow hits Terence but does no damage.
Terence shouts!
You hear a shout!
You shoot an arrow.
The arrow hits Terence but does no damage.
A hobgoblin comes into view.
You shoot an arrow.
The arrow hits Terence but does no damage.
You shoot an arrow. The arrow hits Terence.
Terence is lightly wounded.
You shoot an arrow. The arrow hits Terence.
Terence is moderately wounded.
You shoot an arrow. The arrow hits Terence.
Terence is moderately wounded.
You shoot an arrow. The arrow barely misses Terence.
Terence hits you with a +0 short sword.
The hobgoblin hits you but does no damage.
You shoot an arrow. The arrow hits Terence.
Terence is severely wounded.
The hobgoblin hits you but does no damage.
Terence barely misses you.
You shoot an arrow.
The arrow hits Terence but does no damage.
Terence is severely wounded.
Terence hits you with a +0 short sword. The hobgoblin hits you.
You shoot an arrow. The arrow hits Terence.
Terence is almost dead.
Terence hits you with a +0 short sword. The hobgoblin misses you.
You shoot an arrow.
The arrow hits Terence but does no damage.
Terence is almost dead.
Terence hits you with a +0 short sword. The hobgoblin hits you.
You die...

#.#.. ###. #.#..
. ..... #.....
.##..#.#.. #....
..........
##....##.........
#................
#.#....g.........
......@@.........
.................
........%........
#.#..##..........
# #..#...######..
#..#....#####..#
.................
.#..#%...#####..#
................#


You could see Terence and a hobgoblin.

Vanquished Creatures
  3 adders
  A worm (D:2)
  2 dart slugs (D:1)
  2 bats (D:1)
  3 endoplasms
  A giant cockroach (D:1)
  3 goblins (D:1)
  A hobgoblin (D:1)
  3 jackals (D:1)
  2 kobolds (D:1)
  A quokka (D:1)
  3 ball pythons
  2 frilled lizards (D:1)
  2 rats (D:1)
29 creatures vanquished.

Notes
Turn   | Place    | Note
-------+----------+-------------------------------------------
     0 | D:1      | qw the Deep Elf Hunter began the quest for the Orb.
     0 | D:1      | Reached XP level 1. HP: 12/12 MP: 3/3
     0 | D:1      | 0 ||| qw: Version: 0.3-a-9-g12657ce
     0 | D:1      | 0 ||| qw: Game counter: 2393
     0 | D:1      | 0 ||| qw: Always use a shield: true
     0 | D:1      | 0 ||| qw: God list: Okawaru
     0 | D:1      | 0 ||| qw: Allow faded altars: false
     0 | D:1      | 0 ||| qw: Do Orc after D:15 true
     0 | D:1      | 0 ||| qw: Do second Lair branch before Depths: true
     0 | D:1      | 0 ||| qw: Lair rune preference: random
     0 | D:1      | 0 ||| qw: Plans: Normal
     0 | D:1      | 0 ||| PLANNING D:1-11
   155 | D:1      | Reached XP level 2. HP: 16/16 MP: 4/4
   165 | D:1      | Reached skill level 6 in Ranged Weapons
   453 | D:1      | Reached XP level 3. HP: 18/20 MP: 5/5
   475 | D:1      | 475 ||| UPGRADING to ring of protection from fire.
   476 | D:1      | 476 ||| READING scroll labelled LIULUZ SYE.
   477 | D:1      | 477 ||| READING scroll labelled NUUM OHOTHEHAS.
   478 | D:1      | 478 ||| DRINKING 2 glowing orange potions.
   511 | D:1      | 511 ||| DROPPING scroll of butterflies.
   512 | D:1      | 512 ||| DROPPING potion of lignification.
   544 | D:2      | 544 ||| STAIRDANCE
   560 | D:2      | Reached skill level 7 in Ranged Weapons
   586 | D:2      | Noticed Terence
   597 | D:2      | HP: 1/20 [Terence/+0 short sword (5)]
   597 | D:2      | Slain by a hobgoblin

Levels and vault maps discovered:
D:1:      dpeg_arrival_yet_another_circle, layout_basic,
          chequers_serial_rivers_room_b, chequers_decorated_corner
D:2:      layout_basic, minmay_tripent, uniq_natasha, uniq_terence

Skill      XL: |  1  2  3 |
---------------+----------+-----
Ranged Weapons | 6 7 |  7.3
Fighting       | |  1.5
Dodging        | |  2.4
Stealth        | |  1.2

Action                     || total
---------------------------++-------
   Fire: Shortbow          ||   107
    Use: Scroll            ||     2
         Potion            ||     1
 Armour: Leather armour    ||    17
  Dodge: Dodged            ||    20

Table legend:
 A = Non-vault XP
 B = Vault XP
 C = Vault XP percentage of total XP
 D = Non-vault monster count
 E = Vault monster count
 F = Vault count percentage of total count
                 A         B        C        D         E       F
            +---------+---------+-------+---------+---------+-------
      Total |      89 |       0 |   0.0 |      29 |       0 |   0.0
            +---------+---------+-------+---------+---------+-------
        D:1 |      54 |       0 |   0.0 |      24 |       0 |   0.0
        D:2 |      35 |       0 |   0.0 |       5 |       0 |   0.0
            +---------+---------+-------+---------+---------+-------
